Workbook

Sheet Spend Plan
B1: Attachment 4 | J1: Siskiyou
B2: COVID-19 Spend Plan
A4: =J1 -> Siskiyou | B4: County Name: | C4: =VLOOKUP(A4,'[1]HPP Supp Funding'!$A$3:$E$64,2,0) -> SISKIYOU
B6: Personnel*
B7: Salaries | G7: 0
B8: Fringe | C8: 0 | G8: =G7*C8 -> 0
B9: Total Personnel | G9: =G7+G8 -> 0
B10: Supplies | G10: 0
B12: Total Supplies | G12: =G10 -> 0
B13: Travel
B14: In-State | G14: 0
B15: Out-of-State | G15: 0
B16: Total Travel | G16: =G14+G15 -> 0
B17: Equipment | G17: 0
B19: Total Equipment | G19: =G17 -> 0
B20: Other | G20: 0
B22: Total Other | G22: =G20 -> 0
B23: Subcontracts | G23: 0
B25: Total Subcontracts | G25: =G23 -> 0
B26: Indirect Cost | C26: 0 | G26: =SUM(G9)*C26 -> 0
B28: Total Indirect | G28: =G26 -> 0
B30: TOTAL | G30: =SUM(G9,G12,G16,G19,G22,G25,G28) -> 0
B32: *Personnel supported with this funding should not duplicate efforts across other federal grants; exceed 1.0 FTE across all funding sources; and salary is kept below $189k as required by the funder.

Sheet Quarterly Spend Plan Report
B1: County Name: | C1: =VLOOKUP(B1,'Spend Plan'!B4:G4,2,0) -> SISKIYOU | J1: Siskiyou
B3: Funding Stream | C3: Allocation
A4: =J1 -> Siskiyou | B4: HPP COVID-19 Supplemental | C4: =VLOOKUP(A4,'[1]HPP Supp Funding'!$A$3:$E$64,3,0) -> 120933
B6: Budget | D6: Quarterly Expenditure Report
B7: Budget Category | C7: Budgeted Amount | D7: 1st Quarter | E7: 2nd Quarter | F7: 3rd Quarter | G7: 4th Quarter | H7: Final Closeout | I7: Balance | J7: % change
B8: Salary | C8: =SUM('Spend Plan'!G7) -> 0 | I8: =C8-SUM(D8:H8) -> 0 | J8: =(D8/C8)-1 -> #DIV/0!
B9: Fringe | C9: =SUM('Spend Plan'!G8) -> 0 | I9: =C9-SUM(D9:H9) -> 0
B10: Supplies | C10: =SUM('Spend Plan'!G12) -> 0 | I10: =C10-SUM(D10:H10) -> 0 | J10: =(D10/C10)-1 -> #DIV/0!
B11: In State Travel | C11: =SUM('Spend Plan'!G14) -> 0 | I11: =C11-SUM(D11:H11) -> 0 | J11: =(D11/C11)-1 -> #DIV/0!
B12: Out of State Travel | C12: =SUM('Spend Plan'!G15) -> 0 | I12: =C12-SUM(D12:H12) -> 0 | J12: =(D12/C12)-1 -> #DIV/0!
B13: Equipment | C13: =SUM('Spend Plan'!G19) -> 0 | I13: =C13-SUM(D13:H13) -> 0 | J13: =(D13/C13)-1 -> #DIV/0!
B14: Subcontracts | C14: =SUM('Spend Plan'!G25) -> 0 | I14: =C14-SUM(D14:H14) -> 0 | J14: =(D14/C14)-1 -> #DIV/0!
B15: Other costs | C15: =SUM('Spend Plan'!G22) -> 0 | I15: =C15-SUM(D15:H15) -> 0 | J15: =(D15/C15)-1 -> #DIV/0!
B17: Total Direct Costs | C17: =SUM(C8:C16) -> 0 | D17: =SUM(D8:D15) -> 0 | E17: =SUM(E8:E15) -> 0 | F17: =SUM(F8:F15) -> 0 | G17: =SUM(G8:G15) -> 0 | H17: =SUM(H8:H15) -> 0
B18: Total Indirect Costs | C18: =SUM('Spend Plan'!G28) -> 0 | I18: =C18-SUM(D18:H18) -> 0 | J18: =(D18/C18)-1 -> #DIV/0!
C20: Budget | D20: Expenditures | E20: Balance
B21: Totals | C21: =C17+C18 -> 0 | D21: =SUM(D17:H18) -> 0 | E21: =C21-D21 -> 0
